Unix NetHack Version 5.0.0-0 post-release - last build May  4 2026 22:22:43 (774f63e81ad911689b3a0859ea89b322d5daca8d,branch:main).

Game began 2026-05-06 12:03:00, ended 2026-05-06 12:58:50.

08245982402, lawful male human Samurai

                          -----------    --------
             -------      |.........|    |......|
 ------      |.....|      |.........|    |.{....|
 |....|      |.....|      |....<.....##  |......|
 |.....######......|      --|-------- ###.......-#       ---------------
 |....|  ##  |.....|        #            --------#       |.%/!!(/%??[[[|
 |....|   ###......|        #                    #       |.(%![)?)+*[()|
 |....|      |.....|        #                    #   ####-.((%%=]!?))!*|
 -.----      -.-----        #                    #   #   |.?!+?!)?!"?!!|
  #           #             #                   ##   #   |.%/?%!/(+*??/|
  #           #             #                   #    #   ---------------
  ##          #          ---|------------     ###    #
   #)         #          |..............|     #----- #
    #         ###        |............n.|     #-...|##
 ---.--      ######   ###-...aS........>|      |...|#
 |....|#     #--|--- ##  |....@.........|      |....#
 |.....#      |....-##   ----------------      |...|
 |....|       |....|                           |...|
 ------       ------                           -----

08245982402 the Ronin  St:15 Dx:16 Co:18 In:12 Wi:9 Ch:6  Lawful
Dlvl:7  $:135 HP:0(48) Pw:18(18) AC:10 Xp:5 T:3022 

Latest messages:
 The gold golem hits again!
 You hit the gold golem!
 You hit the gold golem.
 The gold golem hits!
 The gold golem hits again!
 You have no ammunition readied.
 What do you want to fire? [$bh or ?*] b
 You ready: b - a blessed +0 wakizashi.
 In what direction? 8
 The wakizashi hits the gold golem!
 The gold golem hits!
 The gold golem hits again!
 You hit the gold golem!
 You hit the gold golem.
 The gold golem hits!
 The gold golem hits again!
 You hit the gold golem!
 The gold golem hits!
 The gold golem hits again!
 You hit the gold golem.
 You hit the gold golem!
 The gold golem hits!
 The gold golem hits again!
 The garter snake bites!
 You have no ammunition readied.
 What do you want to fire? [$h or ?*] h
 You ready: h - 5 darts.
 In what direction? 4
 The dart misses the garter snake.
 The garter snake bites!
 You kill the garter snake!
 You see here a dart.
 h - a dart (at the ready) (5 in total).
 You hear someone cursing shoplifters.
 The kobold hits!
 You kill the kobold!
 You don't have anything to drink.
 In what direction? 8
 The dart hits the garter snake.
 You hit the garter snake.
 The garter snake bites!
 The killer bee stings!
 The killer bee's sting was poisoned!
 You hear the howling of the CwnAnnwn...
 You die...
 Do you want your possessions identified? [ynq] (y) y
 Do you want to see your attributes? [ynq] (y) y
 Do you want an account of creatures vanquished? [ynaq] (y) y
 Do you want to see your conduct and achievements? [ynq] (y) y
 Do you want to see the dungeon overview? [ynq] (y) y

Inventory:
 Coins    ('$')
  $ - 135 gold pieces
 Weapons  (')')
  h - 4 +1 darts (at the ready)
 Armor    ('[')
  x - a blessed +1 pair of iron shoes
 Comestibles  ('%')
  g - 3 uncursed tripe rations
 Scrolls  ('?')
  j - a cursed scroll of blank paper
  k - an uncursed scroll of remove curse
 Wands    ('/')
  A - a wand of speed monster (0:6)
 Gems/Stones  ('*')
  t - an uncursed rock

08245982402 the Samurai's attributes:

Background:
 You were a Ronin, a level 5 male human Samurai.
 You were lawful, on a mission for Amaterasu Omikami
 who was opposed by Raijin (neutral) and Susanowo (chaotic).
 You were right-handed.
 You were in the Dungeons of Doom, on level 7.
 You entered the dungeon 3022 turns ago.
 You had 269 experience points, 51 more were needed to attain level 6.

Basics:
 You had 0 out of 48 hit points.
 You had all 18 energy points (spell power).
 Your armor class was 10.
 Your wallet contained 135 zorkmids.
 Autopickup was off.

Final Characteristics:
 Your strength was 15 (peak:17, limit:18/100).
 Your dexterity was 16 (limit:18).
 Your constitution was 18 (limit:18).
 Your intelligence was 12 (limit:18).
 Your wisdom was 9 (limit:18).
 Your charisma was 6 (limit:18).

Final Status:
 You weren't hungry.
 You were unencumbered.
 You were bare handed.
 You had basic skill with martial arts.
 You weren't wearing any armor.

Final Attributes:
 You were piously aligned.
 You were fast.
 You are dead.

Miscellaneous:
 You didn't encounter any bones levels.
 Total elapsed playing time was 55 minutes and 48 seconds.

Major events:
 Turn
    1: 08245982402 the lawful male human Samurai entered the dungeon
  651: attained the rank of Ronin (level 3)
 1719: entered the Gnomish Mines
 3022: killed by a killer bee

You didn't know any spells.

Skills:
 Fighting Skills
   martial arts      [Basic]
   two weapon combat [Unskilled]
   riding            [Unskilled]
 Weapon Skills
   dagger            [Unskilled]
   knife             [Unskilled]
   short sword       [Basic]
   broadsword        [Unskilled]
   long sword        [Basic]
   two-handed sword  [Unskilled]
   saber             [Unskilled]
   flail             [Unskilled]
   quarterstaff      [Unskilled]
   polearms          [Unskilled]
   spear             [Unskilled]
   lance             [Unskilled]
   bow               [Basic]
   shuriken          [Unskilled]
 Spellcasting Skills
   attack spells     [Unskilled]
   divination spells [Unskilled]
   clerical spells   [Unskilled]

Voluntary challenges:
 Character rerolling was not enabled.
 You were illiterate.
 You never genocided any monsters.
 You never polymorphed an object.
 You never changed form.
 You used no wishes.
Achievements:
 You entered a shop.
 You attained the rank of Ronin.
 You entered the Gnomish Mines.

 The Dungeons of Doom: levels 1 to 7
    Level 1:
       A fountain, a sink.
    Level 2:
       A general store.
    Level 3:
    Level 4:
       Stairs down to The Gnomish Mines.
    Level 5:
       Many fountains.
    Level 6:
       An altar, a fountain.
    Level 7: <- You were here.
       A general store, a sink.
       Final resting place for
          you, killed by a killer bee.
 The Gnomish Mines:
    Level 5:


Vanquished creatures:
 an ape
  a rock mole
  a yellow light
  a shrieker
  a baby crocodile
  4 little dogs
  2 dwarves
  a homunculus
  a kobold shaman
  2 giant bats
  2 dwarf zombies
  3 coyotes
  a hobbit
  a large kobold
  a hobgoblin
  2 giant rats
  a cave spider
  a brown mold
  a green mold
  a gnome
  3 garter snakes
  2 geckos
  a jackal
  2 foxes
  2 kobolds
  4 goblins
  2 grid bugs
  4 lichens
  5 newts
54 creatures vanquished.

No species were genocided or became extinct.

Game over:
                       ----------
                      /          \
                     /    REST    \
                    /      IN      \
                   /     PEACE      \
                  /                  \
                  |   08245982402    |
                  |      135 Au      |
                  |   killed by a    |
                  |    killer bee    |
                  |                  |
                  |                  |
                  |       2026       |
                 *|     *  *  *      | *
        _________)/\\_//(\/(/\)/\//\/|_)_______

Sayonara 08245982402 the Samurai...

You died in The Dungeons of Doom on dungeon level 7 with 1528 points,
and 135 pieces of gold, after 3022 moves.
You were level 5 with a maximum of 48 hit points when you died.

